[Event "*** Titled Tuesday Blitz"]
[Site "Chess.com"]
[Date "2020.11.10"]
[Round "5"]
[White "maxip32"]
[Black "GelmanAlexander"]
[Result "1-0"]
[WhiteElo "2420"]
[BlackElo "2574"]
[TimeControl "180+1"]
[EndTime "10:59:07 PST"]
[Termination "maxip32 won by resignation"]

1. e4 c5 2. Nf3 e6 3. d4 cxd4 4.
Nxd4 a6 5. c4 b6 6. Nc3 Bb7 7. a3 d6 8. f3 Nf6 9. Be3 Nbd7 10.
Be2 Rc8 11. O-O h6 12. Rc1 g5 13. Qd2 Rg8 14. Kh1 g4 15. Bxh6 gxf3 16. Bxf3 Bxh6 17. Qxh6 Rxc4 18. Rcd1 Qe7 19. Rfe1 Ne5 20. Qf4 Nfg4 21. Bxg4 Rxg4 22. Qh6 Rh4 23. Qg7 Ng4 24. Kg1 Nxh2 25. Nf5 exf5 26. exf5 Rcg4 27. Rxe7+ Kxe7 28. Re1+ Be4 29. Rxe4+ Rxe4 30. Nxe4 Rxe4 31. Kxh2 d5 32.
f6+ Kd6 33. Qxf7 Ke5 34. Qe7+ Kd4 35. Qxe4+ Kxe4 36. f7 d4 37. f8=Q d3 38. Qd6 Ke3 39. Qxb6+ Ke2 40. Qxa6 Ke3 41. Qxd3+ Kxd3 42. Kh3 1-0

[Event "*** Titled Tuesday Blitz"]
[Site "Chess.com"]
[Date "2020.11.10"]
[Round "5"]
[White "Omk124"]
[Black "louis198"]
[Result "0-1"]
[WhiteElo "2391"]
[BlackElo "2569"]
[TimeControl "180+1"]
[EndTime "10:59:07 PST"]
[Termination "louis198 won by resignation"]

1. e4 e6 2. d4 d5 3. Nd2 Nc6 4. c3 e5 5. dxe5 dxe4 6. Bb5 Qd5 7. Qa4 Ne7 8. Ne2 Qxe5 9. Nxe4 Bd7 10. Bf4 Qh5 11.
N2g3 Qg4 12. Bxc7 Nd5 13. Bd6 Nb6 14. Qa3 O-O-O 15. f3 Qe6 16. Bxf8 Rhxf8 17. Bxc6 Bxc6 18. Qxa7 Bxe4 19. fxe4 Kc7 20. Qa5 Rd5 21. Qb4 Rfd8 22. O-O Rd2 23. Qc5+ Kb8 24. Rf2 Rxf2 25. Qxf2 f6 26.
Qf4+ Ka7 27. Qf2 Ka8 28. Nf5 Nc4 29. Nd4 Qxe4 30. Nb5 b6 31. b3 Rd2 32. Qg3 Ne3 33.
Kh1 Rxg2 34. Nd6 Qc6 35. Qxe3 Re2+ 36. Qf3 Qxf3+ 0-1

[Event "*** Titled Tuesday Blitz"]
[Site "Chess.com"]
[Date "2020.11.10"]
[Round "5"]
[White "romulocardoso"]
[Black "Lenyas66"]
[Result "0-1"]
[WhiteElo "2080"]
[BlackElo "2468"]
[TimeControl "180+1"]
[EndTime "10:59:07 PST"]
[Termination "Lenyas66 won on time"]

1. e4 e6 2. d4 d5 3. exd5 exd5 4. c4 Nf6 5. Nc3 Bg4 6. Nf3 Bb4 7. a3 Bxc3+ 8. bxc3 O-O 9. Bd3 Re8+ 10. Be3 dxc4 11. Bxc4 Nd5 12. Bxd5 Qxd5 13. O-O Nc6 14. h3 Bh5 15. Rb1 b6 16. a4 Bxf3 17. Qxf3 Qxf3 18. gxf3 Na5 19. Rb4 Re6 20. Kh2 Rf6 21. Kg3 Re8 22. c4 c6 23. c5 Rg6+ 24. Kh2 h6 25. cxb6 axb6 26. Rxb6 Nc4 27. Rb3 Rge6 28. Bf4 g5 29. Bg3 h5 30. h4 Nd2 31. Rfb1 gxh4 32. Bxh4 Nxb1 33. Rxb1 Ra8 34. Rb4 f6 35. f4 Ra5 36.
Rc4 Kf7 37. Kg3 Kg6 38. Kf3 Kf5 39. Rb4 Re4 40. Bg3 c5 41. Rb8 Rxd4 42. Rh8 Kg6 43. f5+ Kg5 44. Ke3 Raxa4 45. f4+ Kg4 46. Rg8+ Kxf5 47.
Rh8 Ra3+ 48. Kf2 Rd2+ 49. Ke1 Rb2 50. Rxh5+ Kg4 51. Rg5+ fxg5 0-1

[Event "*** Titled Tuesday Blitz"]
[Site "Chess.com"]
[Date "2020.11.10"]
[Round "5"]
[White "Ranindu2003"]
[Black "JoliyRoger"]
[Result "1-0"]
[WhiteElo "2559"]
[BlackElo "2373"]
[TimeControl "180+1"]
[EndTime "10:59:08 PST"]
[Termination "Ranindu2003 won by resignation"]

1. e4 c6 2. d4 d5 3. e5 Bf5 4. Nd2 e6 5. Nb3 Nd7 6. Nf3 Be7 7. Be2 Bg6 8. O-O Nh6 9. Bd2 O-O 10. a4 a5 11.
Bxh6 gxh6 12. Qd2 Kg7 13. Rfe1 Bb4 14. c3 Be7 15. Bd3 c5 16. dxc5 Nxc5 17. Nxc5 Bxc5 18.
Bxg6 hxg6 19. Qf4 Rc8 20. Re2 Be7 21. Rd1 Qb6 22. Nd4 Rc4 23. h4 h5 24. Rd3 Qd8 25. g3 Rxa4 26. Nxe6+ fxe6 27. Qxa4 Bc5 28. Kg2 Qb6 29. Rf3 Rd8 30. Qf4 Rf8 31. Qg5 Rxf3 32.
Kxf3 Qc6 33. Qf6+ Kh7 34. Kg2 d4+ 35. Qf3 dxc3 36. Qxc6 bxc6 37. bxc3 a4 38. Kf3 a3 39.
Ke4 Kg7 40. Kd3 Kh6 41. Kc4 Be7 42. f4 Kg7 43. Kb3 Kf7 44. Ra2 Ke8 45. Rxa3 Bxa3 46. Kxa3 Kd7 47. Kb4 Kc8 48. Kc5 Kc7 49. c4 Kd7 50.
Kb6 1-0

[Event "*** Titled Tuesday Blitz"]
[Site "Chess.com"]
[Date "2020.11.10"]
[Round "5"]
[White "Beltraxtor"]
[Black "anon102030"]
[Result "0-1"]
[WhiteElo "2558"]
[BlackElo "2734"]
[TimeControl "180+1"]
[EndTime "10:59:09 PST"]
[Termination "anon102030 won by checkmate"]

1. e4 e5 2. Nf3 Nc6 3. Bb5 Nge7 4. O-O d6 5. c3 Bd7 6. d4 Ng6 7.
d5 Nb8 8. c4 Be7 9. Be3 O-O 10.
Nc3 Bc8 11. b4 f5 12. exf5 Bxf5 13. Nd2 Bg5 14. Nde4 Bf4 15. c5 Na6 16. Bxa6 bxa6 17. Ng3 Bd7 18. Nce4 Qh4 19. c6 Bg4 20. Qd3 Bf5 21.
Bxf4 Nxf4 22. Qe3 Nxd5 23. Qb3 Be6 24. Rad1 Nf4 25. Qa4 h5 26. Qxa6 Qg4 27. f3 Qg6 28.
Rd2 h4 29. Qb7 hxg3 30. hxg3 Nd5 31. Rfd1 Rfb8 32. Qa6 Nxb4 33. Qa5 Qf7 34. Nxd6 cxd6 35. c7 Rb7 36. Rxd6 Qxc7 37. Rd8+ Rxd8 38. Rxd8+ Kh7 39. Qa3 Qc5+ 40. Kh2 Rf7 41. Qb2 Rf6 42. Rb8 Rh6# 0-1

[Event "*** Titled Tuesday Blitz"]
[Site "Chess.com"]
[Date "2020.11.10"]
[Round "5"]
[White "TimofeevAr"]
[Black "MrChampion_Coach"]
[Result "1-0"]
[WhiteElo "2847"]
[BlackElo "2513"]
[TimeControl "180+1"]
[EndTime "10:59:10 PST"]
[Termination "TimofeevAr won on time"]

1. c4 Nf6 2. Nc3 e6 3. Nf3 d5 4.
e3 c6 5. d4 Nbd7 6. Be2 dxc4 7.
a4 Bb4 8. O-O O-O 9. Bxc4 Qe7 10. a5 Rd8 11. Qb3 h6 12. Bd2 Bd6 13. Rfd1 e5 14.
Be1 exd4 15. exd4 Nf8 16. Bd2 Be6 17. Re1 Qd7 18. Ne5 Bxe5 19. dxe5 Bxc4 20. Qxc4 Qxd2 21. exf6 Qd4 22. Qxd4 Rxd4 23. fxg7 Ne6 24. a6 b5 25. Ne4 Kxg7 26. Rac1 Rad8 27. g3 Rc4 28. Rxc4 bxc4 29. Kg2 Rd4 30. h4 Rd5 31. Rc1 Ra5 32. Rxc4 Rxa6 33.
Nd6 Rb6 34. b4 Rb8 35. Nf5+ Kg6 36. Ne7+ Kg7 37. Nxc6 Rb7 38. Ne5 Rb5 39. Nc6 Rb6 40. g4 a6 41. Kg3 1-0

[Event "*** Titled Tuesday Blitz"]
[Site "Chess.com"]
[Date "2020.11.10"]
[Round "5"]
[White "sofaceindisguise"]
[Black "petrpalachev"]
[Result "1-0"]
[WhiteElo "2684"]
[BlackElo "2720"]
[TimeControl "180+1"]
[EndTime "10:59:10 PST"]
[Termination "sofaceindisguise won on time"]

1. d4 Nf6 2. c4 d6 3. Nf3 g6 4.
Nc3 Bf5 5. Qb3 Qc8 6. Bg5 Bg7 7. e3 O-O 8. Be2 Nc6 9. O-O e5 10. dxe5 Nxe5 11. Nxe5 dxe5 12. Rfd1 c6 13. Na4 Re8 14. Nc5 Ne4 15. Nxe4 Bxe4 16. f3 Bf5 17. e4 Be6 18. Be3 Qc7 19. Qa3 Bf8 20. Qc3 b6 21. b4 a5 22. a3 f6 23. c5 axb4 24. axb4 b5 25. Rd2 Rxa1+ 26. Qxa1 Qb7 27. Rd3 Ra8 28. Ra3 Rxa3 29. Qxa3 Kf7 30. Kf2 h5 31. h4 Be7 32. g4 f5 33. g5 Bd8 34. exf5 Bxf5 35. Bd1 Qd7 36. Bb3+ Be6 37. Qa2 Bxb3 38. Qxb3+ Qd5 39. Qa3 e4 40. fxe4 Qxe4 41. Qb3+ Ke7 42.
Qg8 Qf5+ 43. Ke1 Kd7 44. Qg7+ 1-0

[Event "*** Titled Tuesday Blitz"]
[Site "Chess.com"]
[Date "2020.11.10"]
[Round "5"]
[White "CzechmVIII"]
[Black "Forantes"]
[Result "0-1"]
[WhiteElo "2137"]
[BlackElo "2352"]
[TimeControl "180+1"]
[EndTime "10:59:10 PST"]
[Termination "Forantes won by resignation"]

1. e4 c5 2. Nf3 Nc6 3. Nc3 g6 4. d4 cxd4 5. Nxd4 Bg7 6. Be3 Nf6 7. Bc4 O-O 8. Bb3 d5 9. exd5 Na5 10. O-O b6 11.
Nc6 Nxc6 12. dxc6 Qc7 13. Nd5 Nxd5 14. Bxd5 Bxb2 15. Rb1 Bg7 16. Bf3 Ba6 17. Re1 Rfd8 18. Qc1 Bc3 19. Rd1 Rxd1+ 20. Qxd1 Rd8 21. Qc1 Bc4 22.
Bf4 e5 23. Bg5 Rd6 24. Qa3 Bd4 25. Be3 Bxe3 26. Qxe3 f6 27. a4 Bd5 28. Bxd5+ Rxd5 29. Qb3 Qf7 30. c7 Rc5 31. Qxf7+ Kxf7 32. a5 b5 33. a6 Rxc2 34. h4 Rxc7 35. Rxb5 Ke6 36. Kh2 h5 37. Rb8 Rc6 38. Rg8 Kf5 39. Rxg6 Kxg6 0-1

[Event "*** Titled Tuesday Blitz"]
[Site "Chess.com"]
[Date "2020.11.10"]
[Round "5"]
[White "Oleksandr_Bortnyk"]
[Black "mirciulica14"]
[Result "1-0"]
[WhiteElo "2908"]
[BlackElo "2630"]
[TimeControl "180+1"]
[EndTime "10:59:11 PST"]
[Termination "Oleksandr_Bortnyk won on time"]

1. e4 e5 2. Nf3 Nc6 3. d4 exd4 4. Nxd4 Nf6 5. Nxc6 bxc6 6. e5 Qe7 7. Qe2 Nd5 8. c4 Nb6 9. h4 Ba6 10. b3 d6 11. exd6 Qxe2+ 12. Bxe2 cxd6 13. Nc3 Be7 14. Bg5 Bb7 15. O-O-O Bxg5+ 16. hxg5 O-O-O 17. Rh4 c5 18. Bf3 Bxf3 19. gxf3 a6 20. a4 Kc7 21. a5 Nc8 22. Nd5+ Kc6 23. Rdh1 h6 24. Kd2 Rde8 25. gxh6 Rxh6 26. Rxh6 gxh6 27. Rxh6 Ne7 28. Nf6 Rb8 29. Ne4 Nf5 30. Rf6 Nd4 31. Rxd6+ Kc7 32. Rxa6 Rxb3 33.
Ra7+ Kb8 34. Rxf7 Nxf3+ 35. Ke2 Ne5 36. Rf8+ Kc7 37. a6 Rb2+ 38. Ke1 Ra2 39. Nxc5 Kb6 40.
Rc8 Nxc4 41. f4 Nd6 42. Nd7+ Kb5 43. Rc5+ 1-0

[Event "*** Titled Tuesday Blitz"]
[Site "Chess.com"]
[Date "2020.11.10"]
[Round "5"]
[White "Aleksey_Sorokin"]
[Black "elohunter1999"]
[Result "1-0"]
[WhiteElo "2743"]
[BlackElo "2547"]
[TimeControl "180+1"]
[EndTime "10:59:11 PST"]
[Termination "Aleksey_Sorokin won by resignation"]

1. d4 d5 2. c4 c6 3. Nf3 Nf6 4. e3 Bf5 5. Nc3 e6 6. Nh4 Be4 7. f3 Bg6 8. Qb3 Qc7 9. Bd2 Be7 10. cxd5 Nxd5 11. Nxg6 hxg6 12. g3 Nd7 13. e4 Nxc3 14.
Bxc3 O-O-O 15. O-O-O Kb8 16. Kb1 Bf6 17. f4 Nb6 18.
Bg2 c5 19. e5 Be7 20. h4 c4 21. Qc2 Nd5 22. Bd2 b5 23. Rc1 Rc8 24. f5 Qb6 25.
fxg6 fxg6 26. Qxg6 Qxd4 27. Qxe6 Qxd2 28. Bxd5 Ba3 29. bxa3 Qd3+ 30. Rc2 Rhd8 31. Bg2 Qxa3 32. Qf7 Rc7 33. Qf3 Qxf3 34. Bxf3 Rd3 35. Rf1 Rf7 36. Be2 Rxf1+ 37. Bxf1 Rxg3 38. e6 Re3 39. Re2 Rxe2 40. Bxe2 Kc7 41. a4 a6 42. a5 Kd6 43.
Bg4 b4 44. Be2 c3 45. Bc4 Ke7 46. Kc2 Kd6 47. Kb3 Ke7 48. Bxa6 Kxe6 49. Bd3 Kd6 50. Kxb4 Kc7 51. Kxc3 1-0

[Event "*** Titled Tuesday Blitz"]
[Site "Chess.com"]
[Date "2020.11.10"]
[Round "5"]
[White "Kopytkin"]
[Black "Leonid_Starozhilov"]
[Result "1-0"]
[WhiteElo "2454"]
[BlackElo "2663"]
[TimeControl "180+1"]
[EndTime "10:59:11 PST"]
[Termination "Kopytkin won by resignation"]

1. e4 c5 2. d4 cxd4 3. c3 d3 4. Bxd3 Nc6 5. Be3 g6 6. f4 d6 7. Nf3 Bg7 8. O-O Nf6 9. h3 O-O 10. Nbd2 Bd7 11. Qe1 a6 12. Qh4 e6 13. Rad1 Qe7 14.
Rde1 Rfd8 15. f5 Ne8 16. Bg5 f6 17. fxg6 hxg6 18. Be3 Ne5 19. Bc2 Bb5 20. Rf2 Nc7 21. Nd4 Bd7 22. N2f3 Nb5 23. Ne2 Rf8 24. Qg3 g5 25.
Rd1 Bc6 26. Nfd4 Rf7 27. Nxc6 bxc6 28. Nd4 Raf8 29. Bb3 Nc7 30. h4 g4 31. Bf4 Kh7 32.
Rfd2 d5 33. Nxc6 Qc5+ 34. Nd4 dxe4 35. Kh1 f5 36. Bxe6 Rf6 37. Bxe5 Rh6 38. Bxg7 Kxg7 39. Bxf5 Nd5 40. Ne6+ Rxe6 41. Rxd5 Qe7 42. Qxg4+ Kh8 43. Bxe6 1-0

[Event "*** Titled Tuesday Blitz"]
[Site "Chess.com"]
[Date "2020.11.10"]
[Round "5"]
[White "gumimis"]
[Black "BillCoe"]
[Result "1-0"]
[WhiteElo "2206"]
[BlackElo "2052"]
[TimeControl "180+1"]
[EndTime "10:59:11 PST"]
[Termination "gumimis won by resignation"]

1. e4 c5 2. Nf3 e6 3. d4 cxd4 4. Nxd4 a6 5. Nc3 Qc7 6. f4 Bb4 7.
Qf3 Nf6 8. e5 Nd5 9. Bd2 Nxc3 10. Bxc3 Bxc3+ 11. bxc3 d5 12. Be2 O-O 13. O-O Nd7 14.
Qh3 Nc5 15. Kh1 g6 16. Nf3 Kg7 17. g4 Ne4 18. Bd3 Qxc3 19. Rab1 Qc5 20. Bxe4 dxe4 21. Ng5 h6 22. Nxe4 Qc6 23. Rbe1 b5 24. f5 Bb7 25. f6+ Kh7 26. Rf3 Qxe4 27. Rxe4 Bxe4 28. Kg1 Bxf3 29. Qxf3 Rac8 30. Qb7 Rxc2 31. a3 Rc4 32. h3 Rc3 33.
Kg2 Rxa3 34. Qe7 Ra2+ 35. Kg3 Kg8 36. Qc7 a5 37. Qc1 Re2 38. Qxh6 1-0

[Event "*** Titled Tuesday Blitz"]
[Site "Chess.com"]
[Date "2020.11.10"]
[Round "5"]
[White "GrigorGrigorov"]
[Black "VerdeNotte"]
[Result "0-1"]
[WhiteElo "2754"]
[BlackElo "2887"]
[TimeControl "180+1"]
[EndTime "10:59:12 PST"]
[Termination "VerdeNotte won by resignation"]

1. d4 Nf6 2. c4 g6 3. Nc3 Bg7 4. e4 d6 5. Nge2 c5 6. d5 e5 7. Ng3 h5 8. Be2 h4 9. Nf1 Nh5 10. Ne3 Nf4 11. Bf3 Nd7 12. g3 Nh3 13. Bd2 Nf6 14.
Qe2 Ng5 15. O-O-O Nxf3 16. Qxf3 a6 17. g4 Bh6 18. Rhg1 Bg5 19. Nf5 Bxd2+ 20. Rxd2 gxf5 21.
exf5 Nh7 22. Qe2 Qe7 23. Ne4 Bd7 24. Qe3 O-O-O 25. b4 cxb4 26. Qb6 Be8 27. c5 Qc7 28. Nxd6+ Rxd6 29. Qxd6 Qxd6 30. cxd6 Ba4 31. g5 Kd7 32. g6 Nf6 33. gxf7 Rf8 34. Rg7 Kxd6 35. Re2 Bd7 36. Kb2 Bxf5 37. f4 exf4 38. Rf2 Nxd5 39. Rfg2 a5 40.
R2g5 Be6 41. R5g6 Ke7 42. Rh6 Rxf7 43. Rxf7+ Bxf7 44. Rxh4 Kf6 0-1

[Event "*** Titled Tuesday Blitz"]
[Site "Chess.com"]
[Date "2020.11.10"]
[Round "5"]
[White "Guenplen"]
[Black "Matibar"]
[Result "1/2-1/2"]
[WhiteElo "2888"]
[BlackElo "2769"]
[TimeControl "180+1"]
[EndTime "10:59:12 PST"]
[Termination "Game drawn by repetition"]

1. d4 d5 2. Bf4 c5 3. e3 Nc6 4. c3 Bf5 5. Nd2 e6 6. Ngf3 Bd6 7. Bb5 Ne7 8. Bxd6 Qxd6 9. O-O O-O 10. Re1 Bg4 11. h3 Bxf3 12. Nxf3 Rad8 13. Bd3 e5 14.
dxe5 Nxe5 15. Nxe5 Qxe5 16. Qa4 Nc6 17. Bb5 Rd6 18.
Bxc6 Rxc6 19. Qxa7 Qe4 20. f3 Qc2 21. Qxb7 Rg6 22. g4 h5 23. Qb3 Qf5 24. Qd1 hxg4 25. hxg4 Re8 26. Qe2 Re4 27. a4 d4 28. cxd4 cxd4 29.
Qg2 Rexg4 30. fxg4 Rxg4 31. exd4 Qf3 32. Qxg4 Qxg4+ 33. Kf2 Qxd4+ 34. Kf3 Qf6+ 35. Ke3 Qxb2 36. a5 Qc3+ 37. Ke4 Qc4+ 38. Ke3 f5 39. a6 Qe4+ 40. Kd2 Qd4+ 41. Kc2 Qc4+ 42. Kb2 Qb4+ 43. Kc2 Qc4+ 44. Kd2 Qd4+ 45. Kc2 Qc4+ 1/2-1/2

[Event "*** Titled Tuesday Blitz"]
[Site "Chess.com"]
[Date "2020.11.10"]
[Round "5"]
[White "Atousa1"]
[Black "FontVella8"]
[Result "0-1"]
[WhiteElo "2406"]
[BlackElo "2518"]
[TimeControl "180+1"]
[EndTime "10:59:12 PST"]
[Termination "FontVella8 won by resignation"]

1. e4 c6 2. d4 d5 3. Nd2 Nd7 4.
Ngf3 dxe4 5. Nxe4 Ngf6 6. Bd3 Nxe4 7. Bxe4 Nf6 8. Bd3 Bg4 9. c3 e6 10. O-O Bd6 11. h3 Bh5 12. Re1 O-O 13. Be2 c5 14.
Be3 Nd5 15. dxc5 Nxe3 16. fxe3 Bxc5 17. Nd4 Bxe2 18. Qxe2 e5 19. Nf5 g6 20. Ng3 Kg7 21. Qf3 Qe7 22. Rad1 Rad8 23. Kh1 f5 24. Nf1 e4 25. Qe2 Qe5 26. Rd2 Rxd2 27. Qxd2 Bd6 28. Rd1 Rd8 29. Qd5 Qxd5 30. Rxd5 Kf6 31. c4 Ke6 32. Kg1 Rc8 33. b3 Rc5 34. Rd1 Ra5 35. Rd2 Bb4 36. Rc2 Ra6 37. Kf2 Rd6 38. Ke2 Ke5 39.
Nd2 g5 40. Nb1 f4 41. a3 Bc5 42. b4 Bxe3 43. Nc3 h5 44. Nd5 Bd4 45. a4 g4 46.
hxg4 hxg4 47. a5 f3+ 48. gxf3 gxf3+ 49. Kd1 e3 50. Rh2 e2+ 51. Ke1 Rxd5 52. Rh5+ Ke4 53. Rxd5 Bc3+ 54. Rd2 Ke3 0-1

[Event "*** Titled Tuesday Blitz"]
[Site "Chess.com"]
[Date "2020.11.10"]
[Round "5"]
[White "asms9699"]
[Black "vladimirssvesnikovs"]
[Result "1-0"]
[WhiteElo "2574"]
[BlackElo "2286"]
[TimeControl "180+1"]
[EndTime "10:59:13 PST"]
[Termination "asms9699 won by checkmate"]

1. c4 e6 2. g3 d5 3. Bg2 Nf6 4.
Nf3 dxc4 5. Qa4+ Bd7 6. Qxc4 c5 7. Ne5 Qc7 8. Nxd7 Qxd7 9. O-O Nc6 10. Nc3 Be7 11. d3 O-O 12. Be3 Rac8 13. Rac1 Nd4 14. a4 a6 15. a5 Ng4 16. Bf4 Bd8 17. e3 Nb5 18. h3 Nxc3 19. Qxc3 Nf6 20. Qb3 Nd5 21.
Qa3 Nxf4 22. gxf4 Be7 23. Rc4 Rfd8 24. Rfc1 Qb5 25. R1c3 Rc7 26. Qa2 Bf6 27. Rb3 Qd7 28.
Qb1 g6 29. Qc2 Qd6 30. d4 Rdc8 31. Rxb7 Rxb7 32. Bxb7 Rb8 33. dxc5 Qc7 34. c6 Kg7 35. b4 h5 36. Qe2 e5 37. fxe5 Bxe5 38. Rc5 Bd6 39.
Rd5 Bxb4 40. Rd7 Qxa5 41. Qc4 Rxb7 42. Qxf7+ Kh6 43. cxb7 Qg5+ 44. Kf1 Qg1+ 45. Kxg1 Be7 46. Rxe7 Kg5 47. Qf4# 1-0

[Event "*** Titled Tuesday Blitz"]
[Site "Chess.com"]
[Date "2020.11.10"]
[Round "5"]
[White "MasterMK73"]
[Black "Tashik"]
[Result "1-0"]
[WhiteElo "2271"]
[BlackElo "2461"]
[TimeControl "180+1"]
[EndTime "10:59:13 PST"]
[Termination "MasterMK73 won on time"]

1. e4 e5 2. Nc3 Bc5 3. g3 d6 4. Bg2 Be6 5. Nge2 Qd7 6. h3 h5 7. d4 exd4 8. Nxd4 Bc4 9. b3 Ba6 10. Bb2 Nc6 11. Nf5 Rh7 12. Ne2 g6 13. Nfd4 Nge7 14. a3 Nxd4 15. Nxd4 Nc6 16. Ne2 h4 17. c4 hxg3 18. Nxg3 b5 19. e5 Kf8 20. cxb5 Bxb5 21. Ne4 Qe7 22. Nxc5 dxc5 23. a4 Nxe5 24. axb5 Nd3+ 25. Kf1 Nxb2 26. Qc2 Qf6 27. Bxa8 Nd3 28. Rd1 Nf4 29. Qe4 Kg7 30. Re1 Rh5 31. Bc6 Rf5 32. f3 Nh5 33. Kg2 Qg5+ 34. Qg4 Qd2+ 35. Kf1 Rg5 36. Re2 Qd1+ 37. Kf2 1-0

[Event "*** Titled Tuesday Blitz"]
[Site "Chess.com"]
[Date "2020.11.10"]
[Round "5"]
[White "GothamChess"]
[Black "Salem-AR"]
[Result "0-1"]
[WhiteElo "2638"]
[BlackElo "2918"]
[TimeControl "180+1"]
[EndTime "10:59:14 PST"]
[Termination "Salem-AR won by resignation"]

1. e4 c6 2. d4 d5 3. e5 Bf5 4. h4 c5 5. g4 Bd7 6. dxc5 Nc6 7. f4 Nh6 8. Bh3 e6 9. Be3 d4 10. Bf2 Bxc5 11. Nf3 Qb6 12. O-O O-O 13. Nbd2 Qxb2 14. Ne4 Bb6 15. Kh2 Rac8 16. Nd6 Rc7 17. g5 Nf5 18. Bxf5 exf5 19. Rb1 Qxa2 20. Nb5 Rcc8 21.
Nd6 Rc7 22. Nb5 Rcc8 23. Nd6 Be6 24. Nxc8 Rxc8 25. g6 hxg6 26. h5 Ne7 27. hxg6 Nxg6 28. Kg3 Rxc2 29. Nxd4 Rc3+ 30. Nf3 Qc4 31. Bxb6 Qxf4+ 32. Kg2 Qg4+ 33. Kf2 axb6 34. Qd8+ Nf8 35. Rbe1 Rxf3+ 36. Ke2 Qe4+ 37. Kd2 Qb4+ 38. Ke2 Rxf1 39. Kxf1 Qf4+ 40.
Kg1 Qg3+ 41. Kf1 Bc4+ 0-1

[Event "*** Titled Tuesday Blitz"]
[Site "Chess.com"]
[Date "2020.11.10"]
[Round "5"]
[White "narutosmith"]
[Black "nelsoncopa"]
[Result "1-0"]
[WhiteElo "2302"]
[BlackElo "1902"]
[TimeControl "180+1"]
[EndTime "10:59:14 PST"]
[Termination "narutosmith won on time"]

1. d4 d5 2. Bf4 e6 3. e3 Nf6 4.
Nf3 c6 5. Nbd2 Nbd7 6. Bd3 Be7 7. Ne5 O-O 8. c3 c5 9. g4 cxd4 10. exd4 Nxe5 11. Bxe5 Nd7 12. Bg3 Re8 13. f4 Nf8 14.
h4 a6 15. h5 Bd7 16. g5 Bd6 17. g6 fxg6 18. hxg6 hxg6 19. Qf3 b5 20. O-O Qf6 21. Kg2 Rac8 22. Rh1 b4 23. Bxa6 Ra8 24. Bd3 bxc3 25.
bxc3 Rac8 26. Bc2 Rc7 27. Nb3 Rec8 28. Be1 Qxf4 29. Qxf4 Bxf4 30. Nc5 Bg5 31. a4 Be7 32. Nxd7 Rxd7 33. a5 Ra8 34. a6 Rda7 35. Bd3 Nd7 36. Bd2 Nf6 37. Rhb1 Ne4 38. Be1 Nd6 39. Rb6 Nc4 40.
Rxe6 Kf7 41. Rc6 Bf6 42. Bxc4 dxc4 43. Rxc4 Rxa6 44. Rxa6 Rxa6 45. Rc7+ 1-0

[Event "*** Titled Tuesday Blitz"]
[Site "Chess.com"]
[Date "2020.11.10"]
[Round "5"]
[White "Margarita2907"]
[Black "sboshaon21"]
[Result "1-0"]
[WhiteElo "2230"]
[BlackElo "2055"]
[TimeControl "180+1"]
[EndTime "10:59:15 PST"]
[Termination "Margarita2907 won on time"]

1. e4 e5 2. Nf3 Nc6 3. Bc4 Be7 4. d3 Nf6 5. O-O O-O 6. h3 d6 7.
c3 h6 8. Nbd2 Re8 9. Re1 Bf8 10.
Nf1 Ne7 11. Ng3 Ng6 12. d4 Bd7 13. Qb3 Re7 14. Qxb7 Nf4 15. Bxf4 exf4 16. Nf5 Bxf5 17. exf5 Rb8 18. Qxa7 Rxb2 19. Qa3 Qb8 20. Rxe7 Bxe7 21. Bb3 Re2 22. Qc1 Ne4 23. Rb1 Qd8 24. Bd1 Rxf2 25. Bc2 Re2 26. Bxe4 Rxe4 27. Qc2 Re3 28. a4 d5 29. Rb3 Bd6 30. Qb1 Qe7 31. Rb8+ Kh7 32. f6+ Qe4 33. Qb7 Rxc3 34. Qc8 Rc1+ 35. Kh2 gxf6 36.
Qh8+ Kg6 37. Qg8+ 1-0

[Event "*** Titled Tuesday Blitz"]
[Site "Chess.com"]
[Date "2020.11.10"]
[Round "5"]
[White "PavelShkapenko"]
[Black "Andreikka"]
[Result "0-1"]
[WhiteElo "2660"]
[BlackElo "2961"]
[TimeControl "180+1"]
[EndTime "10:59:16 PST"]
[Termination "Andreikka won by resignation"]

1. e4 e5 2. Nf3 Nc6 3. Bc4 Be7 4. d4 exd4 5. Nxd4 d6 6. O-O Nf6 7. Nc3 O-O 8. Nb3 Re8 9. f3 h6 10. Kh1 Bf8 11. Be3 Be6 12. Bxe6 Rxe6 13. Nd4 Nxd4 14. Bxd4 a6 15. Qd2 Qd7 16. Rad1 Rae8 17. Bxf6 Rxf6 18.
Nd5 Rfe6 19. c4 Qc6 20. Rc1 b6 21. Nb4 Qa8 22. Qd5 g6 23. b3 Bg7 24. Qxa8 Rxa8 25.
Rfd1 Kf8 26. Nd5 Ra7 27. Kg1 Ke8 28. Kf2 Kd7 29. a4 a5 30. Rd3 Kc6 31. Nc3 Ra8 32. Rcd1 Rae8 33. R1d2 h5 34. Nd5 Bh6 35. Rc2 f5 36.
exf5 gxf5 37. Rd1 h4 38. g3 h3 39. f4 Bg7 40. Rdd2 Kd7 41. Re2 Bd4+ 42. Kf3 c6 43. Nc3 Re3+ 0-1

[Event "*** Titled Tuesday Blitz"]
[Site "Chess.com"]
[Date "2020.11.10"]
[Round "5"]
[White "pedromartinez91"]
[Black "indfraeng"]
[Result "0-1"]
[WhiteElo "2567"]
[BlackElo "2400"]
[TimeControl "180+1"]
[EndTime "10:59:16 PST"]
[Termination "indfraeng won by resignation"]

1. b3 Nf6 2. Bb2 d5 3. Nf3 c5 4. e3 Nc6 5. Bb5 Bd7 6. O-O e6 7. Bxc6 Bxc6 8. Ne5 Bd6 9. Nxc6 bxc6 10. d3 O-O 11.
Nd2 e5 12. e4 Rb8 13. Re1 a5 14. exd5 Nxd5 15. Bxe5 Bxe5 16. Rxe5 Qf6 17. Nc4 Nb6 18. Nxb6 Qxe5 19. Nd7 Qc3 20. Nxf8 Rxf8 21. a4 Re8 22. h3 g6 23. Rb1 Re6 24. g3 h5 25. h4 Kg7 26. Qc1 Kh7 27. Kg2 Re2 28. Qf4 Kg7 29. Rc1 Rxc2 30. Rxc2 Qxc2 31. Qe5+ Kh7 32. Qc7 Qxb3 33.
Qxa5 Qxd3 34. Qa7 Qd5+ 35. Kh2 c4 36. Qe3 Qd3 37. Qf4 Qd5 38. a5 c3 39. a6 c5 40. a7 c2 41. Qc1 Qb7 42. Qa3 c1=Q 43.
Qxc1 Qxa7 44. Qf4 Qe7 45. Qc4 Kg8 46. Qd5 Qc7 47. Qc4 Qd6 48. Kg1 Qd4 49. Qe2 c4 50. Qe8+ Kg7 51. g4 c3 52. gxh5 c2 53. h6+ Kh7 54. Qh8+ Kxh8 0-1

[Event "*** Titled Tuesday Blitz"]
[Site "Chess.com"]
[Date "2020.11.10"]
[Round "5"]
[White "Hasangatin_Ramil"]
[Black "ExtremeLearner"]
[Result "1/2-1/2"]
[WhiteElo "2556"]
[BlackElo "2393"]
[TimeControl "180+1"]
[EndTime "10:59:16 PST"]
[Termination "Game drawn by repetition"]

1. e4 c6 2. Nf3 d5 3. d3 dxe4 4. dxe4 Qxd1+ 5. Kxd1 Nf6 6. Nfd2 h5 7. f3 g5 8. Nb3 g4 9. Be3 h4 10. h3 gxf3 11. gxf3 Nh5 12. Rg1 Ng3 13. Bg2 Bh6 14. Bxh6 Rxh6 15. N1d2 Nd7 16. f4 Nf6 17. Ke1 Nfh5 18.
f5 Nf4 19. Kf2 e6 20. Rae1 Kf8 21. Nf3 exf5 22. e5 Nxg2 23. Kxg2 f4 24. Kh2 Be6 25. Nc5 Ke7 26. Nd4 Nf5 27. Ncxe6 fxe6 28. Nxf5+ exf5 29. Rg7+ Ke6 30. Rd1 Kxe5 31. Re7+ Kf6 32. Rxb7 Re8 33. Kg2 Rg6+ 34. Kf2 Rg3 35. Rd6+ Ke5 36. Rd3 Reg8 37.
Re7+ Kf6 38. Rxa7 Rg2+ 39. Kf1 Rg1+ 40. Kf2 R8g2+ 41. Kf3 Rg3+ 42. Kf2 R3g2+ 43. Kf3 Rg3+ 44. Kf2 R3g2+ 1/2-1/2

[Event "*** Titled Tuesday Blitz"]
[Site "Chess.com"]
[Date "2020.11.10"]
[Round "5"]
[White "Ural_bogatyr"]
[Black "Margency"]
[Result "0-1"]
[WhiteElo "2393"]
[BlackElo "2696"]
[TimeControl "180+1"]
[EndTime "10:59:18 PST"]
[Termination "Margency won by checkmate"]

1. e4 c5 2. Nf3 d6 3. d4 cxd4 4. Qxd4 Nc6 5. Bb5 Bd7 6. Bxc6 Bxc6 7. Nc3 Nf6 8. Bg5 e6 9. O-O-O Be7 10. Qd3 Qa5 11. h4 h6 12. Bd2 Qa6 13. Qxa6 bxa6 14. Rhe1 Ng4 15. Nd4 Bd7 16. Re2 O-O 17. g3 Rfc8 18. Kb1 Rab8 19. Nb3 Ne5 20. Bc1 Nc4 21. Ka1 a5 22. Nd2 Ne5 23. f4 Ng4 24. Nf3 Be8 25. Nh2 Nxh2 26. Rxh2 a4 27. a3 Rc4 28. Re2 Bc6 29. Rde1 Bf6 30. Nb1 e5 31. f5 d5 32.
exd5 Bxd5 33. Nc3 Bf3 34. Re3 Bg4 35. Re4 Rxe4 36. Nxe4 Bxf5 37. Nxf6+ gxf6 38. Rf1 Bxc2 39. Rxf6 h5 40. Rc6 Bg6 41. Rc5 f6 42. Bd2 Rd8 43.
Bc3 Rd1+ 44. Ka2 Bb1+ 45. Ka1 Bc2+ 46. Ka2 Bb3# 0-1